 Dungeon Crawl Stone Soup version 0.29.1-1-gd02db6906a (webtiles) character file.

Game seed: 12768244257548248113

10082 lmSkywalker the Spear-Bearer (level 11, -5/117 HPs)
             Began as an Ogre Cinder Acolyte on Sept 15, 2022.
             Was a Priest of Ignis.
             Slain by a blink frog (14 damage)
             ... on level 10 of the Dungeon on Sept 16, 2022.
             The game lasted 01:27:23 (19267 turns).

lmSkywalker the Spear-Bearer (Ogre Cinder Acolyte) Turns: 19267, Time: 01:27:24

Health: -5/117     AC:  6    Str: 20    XL:     11   Next: 56%
Magic:  20/23      EV: 13    Int: 19    God:    Ignis [***...]
Gold:   752        SH:  0    Dex:  4    Spells: 21/27 levels left

rFire   + + .      SeeInvis .   C - +0 demon trident (vamp)
rCold   x . .      Faith    .   (no shield)
rNeg    . . .      Spirit   .   q - +2 robe {Archmagi}
rPois   .          Reflect  .   (helmet restricted)
rElec   .          Harm     .   r - +0 cloak
rCorr   .          Rampage  .   (gloves unavailable)
Will    +....      Archmagi +   (boots unavailable)
Stlth   +.........              P - amulet of magic regeneration
HPRegen 0.29/turn               O - ring of fire
MPRegen 0.58/turn               k - +4 ring of evasion

@: very slightly contaminated, studying Throwing
A: large, unfitting armour, tough skin 1
a: Renounce Religion, Fiery Armour, Foxfire Swarm, Rising Flame


You were on level 10 of the Dungeon.
You worshipped Ignis.
Ignis was most pleased with you.
You visited 3 branches of the dungeon, and saw 13 of its levels.

You collected 785 gold pieces.
You spent 33 gold pieces at shops.

Inventory:

Hand Weapons
 C - a +0 vampiric demon trident (weapon)
Missiles
 f - 24 poisoned darts
 p - 11 javelins
 K - 3 throwing nets
Armour
 q - a +2 robe of the Archmagi (worn)
 r - a +0 cloak (worn)
Magical Staves
 w - a staff of conjuration
Jewellery
 a - a ring of poison resistance
 b - an amulet of reflection
 g - a ring of ice
 k - a +4 ring of evasion (right hand)
 u - a ring of flight
 I - an amulet of guardian spirit
 O - a ring of fire (left hand)
 P - an amulet of magic regeneration (around neck)
Wands
 j - a wand of iceblast (4)
 l - a wand of mindburst (18)
 H - a wand of digging (6)
 M - a wand of light (5)
Scrolls
 d - 5 scrolls of immolation
 e - 2 scrolls of blinking
 h - 3 scrolls of enchant weapon {unknown}
 o - 6 scrolls of teleportation
 v - a scroll of summoning {unknown}
 x - a scroll of noise {unknown}
 y - 5 scrolls of amnesia
 z - 2 scrolls of enchant armour {unknown}
 N - 2 scrolls of poison {unknown}
Potions
 c - 5 potions of brilliance
 i - a potion of flight {unknown}
 m - a potion of mutation {unknown}
 n - 4 potions of curing
 s - 4 potions of lignification
 t - 2 potions of attraction
 A - a potion of resistance
 B - a potion of magic {unknown}
 D - 2 potions of heal wounds
 E - 4 potions of might
 F - 2 potions of haste
 Q - a potion of cancellation {unknown}
Miscellaneous
 G - a condenser vane (inert)
 J - a phial of floods
 L - a piece from Xom's chessboard (15/15)


   Skills:
 - Level 10.0 Fighting
 - Level 5.1(9.1) Axes
 - Level 3.4(4.6) Maces & Flails
 + Level 10.9(11.4) Polearms
 - Level 1.2 Throwing
 - Level 8.6 Spellcasting
 - Level 4.7 Hexes
 - Level 4.2 Fire Magic
 - Level 3.0 Evocations


You had 21 spell levels left.
You knew the following spells:

 Your Spells              Type           Power      Damage    Failure   Level
a - Scorch                Fire           100%       2d10      2%          2
b - Confusing Touch       Hex            39%        N/A       3%          3
c - Slow                  Hex            100%       N/A       1%          1

Your spell library contained the following spells:

 Spells                   Type           Power      Damage    Failure   Level
 Vampiric Draining        Necr           12%        2d6       26%         3


Dungeon Overview and Level Annotations

Branches:
Dungeon (11/15)            Temple (1/1) D:4            Lair (1/5) D:10
    Orc: D:9-12

Altars:
Ashenzari
Cheibriados
Dithmenos
Elyvilon
Fedhas
Gozag
Hepliaklqana
Kikubaaqudgha
Makhleb
Nemelex Xobeh
Okawaru
Qazlal
Ru
Sif Muna
Trog
Uskayaw
Vehumet
Wu Jian
Xom
Yredelemnul
Zin
The Shining One

Shops:
D:4 ?   D:5 (   D:8 *

Annotations:
D:3 1 runed translucent door, Crazy Yiuf
D:4 1 runed translucent door, exclusion: downstairs, masschaos23's ghost, amateur HOFi
D:5 Menkaure
D:8 exclusion: 3 doors
D:9 exclusion: door
D:11 exclusions: 2 doors and 1 more exclusion


Innate Abilities, Weirdness & Mutations

You are too large for most types of armour.
You have tough skin. (AC +1)


Message History

The blink frog hits you!
* * * LOW HITPOINT WARNING * * *
The blink frog hits you!
* * * LOW HITPOINT WARNING * * *
The blink frog blinks!
The blink frog misses you.
The blink frog blinks!
The blink frog hits you.
* * * LOW HITPOINT WARNING * * *
You climb upwards.
Welcome back to the Dungeon!
There is a staircase to the Lair here.
You are too injured to fight recklessly!
You closely miss the blink frog.
The blink frog is heavily wounded.
The blink frog closely misses you.
You barely miss the blink frog.
The blink frog is heavily wounded.
The blink frog hits you!
* * * LOW HITPOINT WARNING * * *
You closely miss the blink frog.
The blink frog is heavily wounded.
The blink frog hits you.
* * * LOW HITPOINT WARNING * * *
The blink frog blinks!
A blink frog is nearby!
The blink frog blinks!
Casting: Confusing Touch (mildly dangerous; 3% risk of failure)
Confirm with . or Enter, or press ? or * to list all spells.
You can't see any susceptible monsters within range! (Use Z to cast anyway.)
The blink frog blinks!
Casting: Confusing Touch (mildly dangerous; 3% risk of failure)
Confirm with . or Enter, or press ? or * to list all spells.
You feel a strong surge of power!
Flames lash the blink frog.
The blink frog is severely wounded.
The blink frog's fire resistance burns away.
The blink frog blinks!
Casting: Scorch (safe; 2% risk of failure)
Confirm with . or Enter, or press ? or * to list all spells.
You feel a strong surge of power!
You miscast Scorch.
You are very lightly contaminated with residual magic.
Nothing appears to happen.
The blink frog hits you!
You die...

################### ####....#
..................# #..#.#..#
..................# #..'.#..#
..##..##...##.###+# #..#....#
..##..#####.....########..#....#
..##..###.........##......#.##.#
..##..##...P.......#......#.##.#
#######)........P...####..#....#
...<[))......>..@......#..#....#
#####..[.......F.......#..'....#
#.##.......P...###.#..#....#
#.###.........## #.#..#....#
#####.#####.....######.#..#....#
......'..#.#..#........'..#....#
......####.............####....#
.......................<.......#
#..........####................#


You could see a blink frog (combustible).

Vanquished Creatures
  Harold (D:9)
  A boulder beetle (D:11)
  A two-headed ogre (D:9)
  Urug (D:10)
  A kobold demonologist (D:10)
  A hornet (D:9)
  A blink frog (Lair:1)
  8 yaks
  A shadow (D:10)
  A steam dragon (D:6)
  Edmund (D:4)
  3 vampire mosquitoes (D:10)
  3 wargs (D:10)
  2 acid dragons
  Duvessa (D:5)
  4 orc warriors
  3 ogres
  2 black bears
  4 centaurs
  A phantom (D:5)
  2 kobold brigands (D:9)
  2 bullfrogs
  3 gnoll sergeants
  A scorpion (D:6)
  2 necrophages (D:5)
  10 wights
  8 killer bees
  Dowan (D:5)
  4 spriggan skeletons (D:9)
  A troll skeleton (D:9)
  7 howler monkeys
  A gnoll bouda (D:5)
  3 hounds
  2 jellies
  11 orc priests
  Jessica (D:2)
  2 iguanas (D:5)
  10 orc wizards
  14 gnolls
  10 adders
  A shadow imp (D:6)
  2 white imps
  An ufetubus (D:4)
  4 worms
  2 dart slugs
  56 orcs
  5 bats
  3 endoplasms
  3 giant cockroaches
  7 goblins
  6 hobgoblins
  13 jackals
  8 kobolds
  4 quokkas
  5 ball pythons
  3 frilled lizards
  3 rats
262 creatures vanquished.

Vanquished Creatures (others)
  15 plants (D:5)
  6 withered plants (D:2)
21 creatures vanquished.

Grand Total: 283 creatures vanquished

Notes
Turn   | Place    | Note
-------+----------+-------------------------------------------
     0 | D:1      | lmSkywalker the Ogre Cinder Acolyte began the quest for the
                  | Orb.
     0 | D:1      | Reached XP level 1. HP: 24/24 MP: 2/2
   458 | D:1      | Reached XP level 2. HP: 32/32 MP: 2/4
   594 | D:1      | Learned a level 2 spell: Scorch
  1060 | D:2      | Reached XP level 3. HP: 16/40 MP: 5/5
  1522 | D:2      | Reached XP level 4. HP: 26/49 MP: 7/7
  1891 | D:2      | Reached skill level 5 in Fighting
  2373 | D:2      | Found a faded altar of an unknown god.
  2413 | D:2      | Noticed Jessica
  2415 | D:2      | Killed Jessica
  2416 | D:2      | Reached XP level 5. HP: 26/57 MP: 5/9
  4024 | D:3      | Found a basalt altar of Yredelemnul.
  4212 | D:3      | Reached XP level 6. HP: 66/66 MP: 6/11
  4417 | D:3      | Found a faded altar of an unknown god.
  4423 | D:3      | Found a shimmering blue altar of Sif Muna.
  4564 | D:3      | Found a runed translucent door.
  4565 | D:3      | Noticed Crazy Yiuf
  4706 | D:4      | Found Mecsec's Magic Scroll Boutique.
  4714 | D:4      | Bought a scroll of teleportation for 33 gold pieces
  4888 | D:4      | Noticed Edmund
  5304 | D:4      | Reached XP level 7. HP: 75/75 MP: 8/14
  5326 | D:4      | Found an ornate altar of the Wu Jian Council.
  5405 | D:4      | Found a staircase to the Ecumenical Temple.
  5428 | D:4      | Killed Edmund
  5429 | D:4      | Reached skill level 5 in Spellcasting
  5431 | Temple   | Entered the Ecumenical Temple
  5779 | D:4      | Found a runed translucent door.
  5779 | D:4      | Noticed masschaos23's ghost (amateur HOFi)
  6059 | D:5      | Entered Level 5 of the Dungeon
  6059 | D:5      | Noticed Menkaure
  6059 | D:5      | Noticed Dowan
  6471 | D:5      | Reached skill level 1 in Axes
  6630 | D:5      | Identified the +7 rapier "Jellybane" {vorpal, rElec rF+
                  | SInv}
  6765 | D:5      | Reached XP level 8. HP: 86/88 MP: 3/16
  6856 | D:5      | Noticed Duvessa
  7045 | D:5      | Killed Dowan
  7493 | D:5      | Found a shimmering altar of Xom.
  7576 | D:5      | Killed Duvessa
  7851 | D:5      | Found a bloodstained altar of Trog.
  7857 | D:5      | Found a snail-covered altar of Cheibriados.
  8885 | D:6      | Learned a level 3 spell: Confusing Touch
  8887 | D:6      | Learned a level 1 spell: Slow
  9010 | D:6      | Found a shadowy altar of Dithmenos.
  9079 | D:6      | Reached skill level 5 in Axes
  9137 | D:6      | Reached skill level 1 in Hexes
  9148 | D:6      | Reached XP level 9. HP: 55/101 MP: 2/17
  9399 | D:6      | Reached skill level 1 in Polearms
 10059 | D:5      | Found Tenaforgh's Antique Weapon Boutique.
 10140 | D:7      | Found a glowing golden altar of the Shining One.
 10140 | D:7      | Found a white marble altar of Elyvilon.
 10140 | D:7      | Found a glowing silver altar of Zin.
 10466 | D:7      | Reached skill level 5 in Polearms
 10840 | D:7      | Found a sparkling altar of Nemelex Xobeh.
 12239 | D:8      | Found Debb's Changing Room.
 12647 | D:8      | Found a hide-covered altar of Uskayaw.
 12738 | D:8      | Noticed a deep elf zephyrmancer
 12738 | D:8      | Noticed an orc sorcerer
 12768 | D:9      | Reached skill level 1 in Throwing
 13196 | D:9      | Noticed Harold
 13216 | D:9      | Killed Harold
 13217 | D:9      | Reached skill level 10 in Fighting
 13217 | D:9      | Reached XP level 10. HP: 98/110 MP: 12/18
 13986 | D:9      | Noticed a two-headed ogre
 13996 | D:9      | Killed a two-headed ogre
 15170 | D:9      | Found a sacrificial altar of Ru.
 15617 | D:9      | Found an opulent altar of Gozag.
 15745 | D:10     | Entered Level 10 of the Dungeon
 15749 | D:10     | Noticed Urug
 15769 | D:10     | Reached skill level 1 in Evocations
 15791 | D:10     | Killed Urug
 16070 | D:10     | Found a staircase to the Lair.
 16200 | D:10     | Reached XP level 11. HP: 109/117 MP: 12/21
 16789 | D:10     | Found an iron altar of Okawaru.
 16821 | D:10     | Identified the +4 scale mail of Ryhuo {*Corrode Will++
                  | Dex+3}
 16953 | D:10     | Found the +6 lightning scales {swift, rElec}
 17024 | D:10     | Reached skill level 10 in Polearms
 17705 | D:11     | Noticed a boulder beetle
 18091 | D:11     | Killed a boulder beetle
 18253 | D:11     | Noticed an eight-headed hydra
 18788 | D:11     | Found a shimmering blue altar of Sif Muna.
 19178 | D:11     | Noticed a cyclops
 19234 | Lair:1   | Entered Level 1 of the Lair of Beasts
 19267 | D:10     | Slain by a blink frog

Illustrated notes

Levels and vault maps discovered:
D:1:      minmay_arrival_glassed_features, layout_loops_ring
D:2:      cheibrodos_pilgrimage, layout_loops_ring,
          ebering_ecumenical_altar_petrified, uniq_jessica
D:3:      layout_rooms, nicolae_overflow_ecumenical_swirl, lemuel_round_altar,
          uniq_crazy_yiuf_cottage
D:4:      layout_loops_ring, old_standard_altar, minmay_temple_entry_glass,
          hellmonk_ghost_happy_afterlife, serial_shops, shop, uniq_edmund
D:5:      layout_loops_ring, lemuel_round_altar,
          mainiacjoe_overflow_catwalk_spiral, serial_shops, shop_fountains,
          nrook_mini_backslash, nicolae_grassy_gnolls, uniq_menkaure,
          uniq_duvessa
D:6:      layout_loops_cross, nicolae_dithmenos_shadow_blocks,
          amcnicky_mini_pool_small
D:7:      layout_basic, dreamdust_divine_triumvirate,
          nemelex_diamond_rough_becter, chequers_serial_rivers_micro_a
D:8:      minmay_the_grid_plus_closed [minmay_the_grid_holed_spiral,
          minmay_the_grid_tri_star, minmay_the_grid_doors,
          minmay_the_grid_spin_star, minmay_the_grid_prize_diamond_cup],
          layout_basic, old_standard_altar, nicolae_transmutations_shop,
          minmay_manual_mess
D:9:      layout_basic, nicolae_overflow_hidden_temple, grunt_gozag_statues,
          hangedman_tell_no_tales, uniq_harold
D:10:     layout_stronghold, okawaru_metal_pillars_3, erik_lair_orcish_takeover,
          nicolae_concentric_dashed_squares_wild, uniq_urug
D:11:     layout_basic, hiddenorc2_lemuel, special_room [special_room_bee],
          minmay_misc_feat_secret_circle, nicolae_sif_muna_little_library
Temple:   hellmonk_temple_two_chambers
Lair:1:   layout_chaotic_city, infiniplex_staircase_pool, uniq_grum

Skill      XL: |  1  2  3  4  5  6  7  8  9 10 11 |
---------------+----------------------------------+-----
Maces & Flails | 3 |  3.4
Fire Magic     | 3 4 |  4.2
Spellcasting   | 2 3 4 5 6 8 |  8.6
Fighting       | 5 6 7 9 10 | 10.0
Axes           | 2 5 |  5.1
Hexes          | 1 3 4 |  4.7
Polearms       | 8 9 10 | 10.9
Throwing       | 1 |  1.2
Evocations     | 2 3 |  3.0

Action                   |  1- 3 |  4- 6 |  7- 9 | 10-12 || total
-------------------------+-------+-------+-------+-------++-------
Melee: Mace              |    89 |   114 |    33 |       ||   236
       Hand axe          |       |       |    52 |       ||    52
       Demon trident     |       |       |    79 |   350 ||   429
       Punch             |       |       |     1 |     2 ||     3
Throw: Dart              |       |     2 |    18 |    22 ||    42
       Stone             |       |       |    14 |       ||    14
 Cast: Scorch            |       |    50 |   141 |    94 ||   285
       Confusing Touch   |       |       |     4 |     9 ||    13
Invok: Fiery Armour      |     1 |     3 |     1 |       ||     5
Evoke: Wand              |       |       |       |     3 ||     3
       Condenser vane    |       |       |       |     1 ||     1
  Use: Scroll            |       |     7 |     1 |     5 ||    13
       Potion            |       |       |     1 |     3 ||     4
Armor: Robe              |    32 |    60 |    69 |    40 ||   201
Dodge: Dodged            |    43 |    86 |   103 |   166 ||   398
Block: Other             |       |       |    23 |    22 ||    45
       Reflection        |       |       |     1 |     2 ||     3
